 Dungeon Sprint DCSS version 0.31-a0-18-gea43df2a32 (webtiles) character file.

Game seed: 1848939921498935579

4043 bmack86 the Warrior (level 10, -1/106 HPs)
             Began as a Minotaur Berserker on May 10, 2023.
             Was an Elder of Trog.
             Slain by an unseen horror (3 damage)
             ... in the Dungeon (Sprint I: "Red Sonja").
             The game lasted 00:04:55 (980 turns).

bmack86 the Warrior (Minotaur Berserker)             Turns: 980, Time: 00:04:56

Health: -1/106     AC: 13    Str: 26    XL:     10   Next: 4%
Magic:  9/9        EV: 11    Int:  4    God:    Trog [****..]
Gold:   473        SH:  0    Dex: 10    Spells: 9/9 levels left

rFire   . . .        a - +0 hand axe
rCold   + . .        (no shield)
rNeg    . . .        l - +3 scale mail {rC+}
rPois   .            (helmet restricted)
rElec   .            (no cloak)
rCorr   .            (no gloves)
SInv    .            (no boots)
Will    .....        (no amulet) Stlth
                     (no ring)
HPRegen 0.37/turn    (no ring)
MPRegen 0.11/turn

%: no teleportation
@: hasted, very quick
A: horns 2, retaliatory headbutt
a: Renounce Religion, Berserk, Trog's Hand, Brothers in Arms


You were in the Dungeon.
You worshipped Trog.
Trog was greatly pleased with you.
You visited 1 branch You collected 785 gold pieces.
You spent 312 gold pieces at shops.

Inventory:

Hand Weapons
 a - a +0 hand axe (weapon)
Armour
 b - a +0 animal skin
 j - a +0 leather armour
 l - a +3 scale mail of cold resistance (worn)
Wands
 m - a wand of charming (6)
Scrolls
 h - a scroll of blinking
 i - a scroll of summoning {unknown}
 k - a scroll of identify {unknown}
 n - a scroll of vulnerability {unknown}
Potions
 f - 2 potions of magic
 g - a potion of berserk rage


   Skills:
 + Level 15.5 Fighting
 + Level 15.4 Axes
 + Level 14.8 Armour
 - Level 3.0 Dodging
 - Level 8.0 Evocations


You had 9 spell levels left.
You didn't know any spells.
Your spell library was empty.

Dungeon Overview and Level Annotations

Branches:
Dungeon (1/1)

Altars:
Cheibriados
Dithmenos
Elyvilon
Fedhas
Gozag
Hepliaklqana
Kikubaaqudgha
Makhleb
Nemelex Xobeh
Okawaru
Qazlal
Ru
Sif Muna
Trog
Uskayaw
Vehumet
Wu Jian
Xom
Yredelemnul
Zin
The Shining One
Jiyva
Lugonu

Shops:
D *[


Innate Abilities, Weirdness & Mutations

You have a pair of horns on your head.
You reflexively headbutt those who attack you in melee.


Message History

* * * LOW HITPOINT WARNING * * *
You hit something. Something hits you but does no damage.
You barely miss something. Something hits you but does no damage.
Unknown command.
You hit something. You headbutt something. Something hits you.
* * * LOW HITPOINT WARNING * * *
You slash something! Trog accepts your kill.
You can now call in reinforcements.
Reactivating autopickup.
You feel a bit more experienced. Something hits you.
* * * LOW HITPOINT WARNING * * *
Deactivating autopickup; reactivate with Ctrl-A.
You have reached level 10!
Okay, then.
You feel yourself speed up. Something hits you.
* * * LOW HITPOINT WARNING * * *
You hit something but do no damage. Your headbutt misses something.
Something hits you but does no damage.
You barely miss something. Something hits you but does no damage.
You hit something but do no damage. Your headbutt misses something.
Something hits you but does no damage.
You miss something. You headbutt something.
Something hits you but does no damage. Something hits you.
* * * LOW HITPOINT WARNING * * *
You slash something! Something hits you but does no damage.
You hit something. Something hits you.
* * * LOW HITPOINT WARNING * * *
You hit something but do no damage. Something hits you but does no damage.
You closely miss something. Something hits you but does no damage.
You barely miss something.
You recover from your berserk rage.
Something hits you but does no damage. Something hits you.
* * * LOW HITPOINT WARNING * * *
You closely miss something. You miss something. Your headbutt misses something.
Something hits you but does no damage.
Okay, then.
You hit something. Something hits you but does no damage.
You miss something. Your headbutt misses something. Something hits you.
You die...

#...#.####§.#####
#..##)#~~~..#..#
##'#_.'~~)§§§§.#
.†..._#§§~§§#..#
##_.#'##§#####§###
###+#.#....###.'.#
# ####'###.###.#
+.....'.∩##.#
###########@#
#.......##{#
#.......§§§#
#+++######§# #§#
+§# ###


There were no monsters in sight!

Vanquished Creatures
  2 centaur warriors (D)
  A deep troll (D)
  An oklob plant (D)
  An unseen horror (D)
  2 kobold demonologists (D)
  A hornet (D)
  A slime creature (D)
  A yak (D)
  Sigmund (D)
  2 redbacks (D)
  A floating eye (D)
  An ogre (D)
  A jelly (D)
  Ijyb (D)
17 creatures vanquished.

Notes
Turn   | Place    | Note
-------+----------+-------------------------------------------
     0 | D        | bmack86 the Minotaur Berserker began the quest for the Orb.
     0 | D        | Reached XP level 1. HP: 19/19 MP: 0/0
     2 | D        | Noticed Ijyb
     6 | D        | Killed Ijyb
     7 | D        | Reached skill level 5 in Fighting
     7 | D        | Reached skill level 5 in Axes
     7 | D        | Reached XP level 2. HP: 22/29 MP: 1/1
    36 | D        | Noticed an ogre
    42 | D        | Killed an ogre
    43 | D        | Reached skill level 5 in Armour
    43 | D        | Reached XP level 3. HP: 39/39 MP: 2/2
    43 | D        | Reached XP level 4. HP: 47/47 MP: 3/3
    95 | D        | Noticed Sigmund
   104 | D        | Killed Sigmund
   104 | D        | Reached ** piety under Trog
   105 | D        | Reached XP level 5. HP: 57/57 MP: 4/4
   151 | D        | Found a burning altar of Makhleb.
   151 | D        | Found a viscous altar of Jiyva.
   151 | D        | Found a shimmering altar of Xom.
   151 | D        | Found a corrupted altar of Lugonu.
   151 | D        | Noticed a slime creature
   159 | D        | Killed a slime creature
   160 | D        | Reached skill level 10 in Fighting
   160 | D        | Reached skill level 10 in Axes
   160 | D        | Reached XP level 6. HP: 52/67 MP: 5/5
   260 | D        | Noticed a kobold demonologist
   260 | D        | Noticed a floating eye
   260 | D        | Noticed a kobold demonologist
   262 | D        | Killed a floating eye
   263 | D        | Reached skill level 10 in Armour
   263 | D        | Reached skill level 1 in Evocations
   263 | D        | Reached XP level 7. HP: 74/74 MP: 6/6
   268 | D        | Killed a kobold demonologist
   268 | D        | Reached *** piety under Trog
   271 | D        | Killed a kobold demonologist
   272 | D        | Reached XP level 8. HP: 84/84 MP: 7/7
   309 | D        | Found an ornate altar of the Wu Jian Council.
   309 | D        | Found a shimmering blue altar of Sif Muna.
   311 | D        | Found a radiant altar of Vehumet.
   344 | D        | Found Ameugirph's General Store.
   344 | D        | Found an ancient bone altar of Kikubaaqudgha.
   344 | D        | Found a hazy altar of Hepliaklqana.
   344 | D        | Found a stormy altar of Qazlal.
   344 | D        | Found a hide-covered altar of Uskayaw.
   344 | D        | Found a blossoming altar of Fedhas.
   344 | D        | Found a bloodstained altar of Trog.
   344 | D        | Found an iron altar of Okawaru.
   344 | D        | Found a basalt altar of Yredelemnul.
   344 | D        | Found a glowing golden altar of the Shining One.
   344 | D        | Found a snail-covered altar of Cheibriados.
   344 | D        | Found a sacrificial altar of Ru.
   344 | D        | Found a glowing silver altar of Zin.
   344 | D        | Found a shadowy altar of Dithmenos.
   344 | D        | Found a white marble altar of Elyvilon.
   352 | D        | Reached **** piety under Trog
   353 | D        | Reached skill level 5 in Evocations
   353 | D        | Found an opulent altar of Gozag.
   354 | D        | Found a sparkling altar of Nemelex Xobeh.
   358 | D        | Bought a +3 scale mail of cold resistance for 312 gold
                  | pieces
   377 | D        | Noticed a centaur warrior
   377 | D        | Noticed a centaur warrior
   382 | D        | Killed a centaur warrior
   390 | D        | Killed a centaur warrior
   391 | D        | Reached XP level 9. HP: 46/95 MP: 8/8
   576 | D        | Noticed a deep troll
   585 | D        | Killed a deep troll
   598 | D        | Found Xapod's Armour Emporium.
   641 | D        | Noticed an oklob plant
   657 | D        | Killed an oklob plant
   658 | D        | Reached skill level 15 in Fighting
   658 | D        | Reached skill level 15 in Axes
   966 | D        | Killed an unseen horror
   967 | D        | Reached XP level 10. HP: 13/106 MP: 9/9
   973 | D        | HP: 5/106 [something (2)]
   976 | D        | HP: 1/106 [something (4)]
   980 | D        | Slain by an unseen horror

Illustrated notes

Levels and vault maps discovered:
D:        dungeon_sprint_1 [red_sonja_temple_1, red_sonja_temple_small_1]

Skill      XL: |  1  2  3  4  5  6  7  8  9 |
---------------+----------------------------+-----
Fighting       | 5 7 9 10 11 12 14 15 | 15.5
Axes           | 5 7 9 10 11 12 14 15 | 15.4
Armour         | 3 5 8 9 10 11 13 14 | 14.8
Dodging        | 3 |  3.0
Evocations     | 1 4 7 8 |  8.0

Action                     |  1- 3 |  4- 6 |  7- 9 | 10-12 || total
---------------------------+-------+-------+-------+-------++-------
  Melee: Hand axe          |     7 |    15 |    76 |    13 ||   111
         Headbutt          |     1 |     4 |    20 |     1 ||    26
         Punch             |       |       |     1 |       ||     1
 Invoke: Berserk           |     1 |     3 |     5 |       ||     9
         Brothers in Arms  |       |       |     1 |       ||     1
  Evoke: Wand              |       |       |     3 |       ||     3
    Use: Potion            |       |       |     2 |     1 ||     3
 Armour: Scale mail        |       |       |    55 |    10 ||    65
  Dodge: Dodged            |     4 |     3 |    16 |       ||    23

Table legend: (Time is in decaauts)
 A = Elapsed time spent in this place.
 B = Non-inter-level travel time spent in this place.
 C = Inter-level travel time spent in this place.
 D = Time resting spent in this place.
 E = Time spent auto-exploring this place.
 F = Levels seen in this place.
 G = Mean time per level.
                   A        B        C        D        E       F      G
               +--------+--------+--------+--------+--------+-----+--------+
         Total |   1048 |   1048 |      0 |    463 |    196 |   1 | 1048.0 |
       Dungeon |   1048 |   1048 |      0 |    463 |    196 |   1 | 1048.0 |
               +--------+--------+--------+--------+--------+-----+--------+

Top non-repeatable levels by time:
       D: 1048 daAuts
